 Dungeon Crawl Stone Soup version 0.29.1-12-g30fa7ad0bf (webtiles) character file.

Game seed: 6189290796799807926

4559 FexLirch the Grappler (level 10, -3/132 HPs)
             Began as a Troll Monk on Jan 3, 2023.
             Was a Follower of Uskayaw.
             Slain by a killer bee (6 damage)
             ... on level 8 of the Dungeon.
             The game lasted 00:11:45 (7292 turns).

FexLirch the Grappler (Troll Monk)                  Turns: 7292, Time: 00:11:46

Health: -3/132     AC:  5    Str: 25    XL:     10   Next: 18%
Magic:  12/14      EV: 10    Int:  6    God:    Uskayaw [*.....]
Gold:   634        SH:  0    Dex: 12    Spells: 9/9 levels left

rFire   . . .      SeeInvis .     - Unarmed
rCold   . . .      Faith    .   (no shield)
rNeg    . . .      Spirit   .   a - +0 robe
rPois   +          Reflect  .   (helmet restricted)
rElec   .          Harm     .   E - +0 cloak
rCorr   .          Rampage  .   (gloves unavailable)
Will    +....                   (boots unavailable)
Stlth   ..........              (no amulet)
HPRegen 1.12/turn               m - ring of poison resistance
MPRegen 0.14/turn               i - ring of willpower

@: berserking, studying Polearms, very quick
A: large, unfitting armour, claws 3, regeneration 1, shaggy fur 1, tough skin 1
a: Renounce Religion, Stomp


You were on level 8 of the Dungeon.
You worshipped Uskayaw.
Uskayaw was noncommittal.
You visited 2 branches of the dungeon, and saw 10 of its levels.

You collected 634 gold pieces.

Inventory:

Hand Weapons
 q - a +3 sling
Missiles
 p - 27 poisoned darts (quivered)
 A - 8 javelins
Armour
 a - a +0 robe (worn)
 E - a +0 cloak (worn)
Jewellery
 f - a ring of magical power
 i - a ring of willpower (right claw)
 m - a ring of poison resistance (left claw)
 v - a +4 ring of evasion
 G - a ring of ice
 I - a ring of protection from cold
 J - a ring of ice
Wands
 o - a wand of flame (41)
 y - a wand of paralysis (16)
 B - a wand of iceblast (18)
Scrolls
 d - 2 scrolls of fear {unknown}
 j - 3 scrolls of identify
 l - 4 scrolls of vulnerability {unknown}
 n - a scroll of silence
 r - 2 scrolls of magic mapping {unknown}
 s - 2 scrolls of immolation {unknown}
 t - a scroll of blinking
 w - 2 scrolls of teleportation
 x - a scroll of torment
 C - a scroll of noise
 F - a scroll of poison {unknown}
 H - 2 scrolls of enchant armour {unknown}
Potions
 b - 3 potions of ambrosia
 c - 5 potions of curing
 e - a potion of degeneration {unknown}
 g - a potion of haste
 h - a potion of attraction {unknown}
 k - 2 potions of berserk rage
 u - a potion of lignification {unknown}
 z - a potion of might
 D - a potion of resistance {unknown}
 K - a potion of mutation {unknown}


   Skills:
 + Level 2.4 Fighting
 + Level 2.5 Dodging
 - Level 1.0 Stealth
 * Level 13.1 Unarmed Combat
 + Level 6.7 Invocations


You had 9 spell levels left.
You didn't know any spells.
Your spell library contained the following spells:

 Spells                   Type           Power      Damage    Failure   Level
 Shock                    Conj/Air       0%         1d3       45%         1
 Ignite Poison            Fire/Tmut/Pois 0%         N/A       83%         3
 Mephitic Cloud           Conj/Pois/Air  0%         N/A       83%         3
 Swiftness                Air            0%         N/A       83%         3
 Airstrike                Air            0%         2d(0-16)  99%         4
 Fulminant Prism          Conj/Hex       0%         3d6       99%         4
 Iskenderun's Mystic Bla  Conj/Tloc      0%         2d3       99%         4
 Freezing Cloud           Conj/Ice/Air   0%         6-21      100%        5
 Lee's Rapid Deconstruct  Erth           0%         3d5*      100%        5
 Chain Lightning          Conj/Air       0%         N/A       100%        9
 Fire Storm               Conj/Fire      0%         5d1       100%        9
 Shatter                  Erth           0%         3d5*      100%        9


Dungeon Overview and Level Annotations

Branches:
Dungeon (9/15)             Temple (1/1) D:5
   Lair: D:8-11         Orc: D:9-12

Altars:
Ashenzari
Cheibriados
Dithmenos
Fedhas
Gozag
Hepliaklqana
Kikubaaqudgha
Makhleb
Okawaru
Qazlal
Ru
Sif Muna
Trog
Uskayaw
Vehumet
Xom
Yredelemnul
Zin
The Shining One

Shops:
D:1 *

Annotations:
D:5 1 runed translucent door, Barsook's ghost, amateur DsFi
D:8 2 transporters, Rilik's ghost, novice TeAE


Innate Abilities, Weirdness & Mutations

You are too large for most types of armour.
You have claws for hands.
Your natural rate of healing is unusually fast.
You are covered in fur. (AC +1)
You have tough skin. (AC +1)


Message History

The killer bee attacks as you move away!
The killer bee stings you but does no damage. x3
You hear the steady creaking of a very distant portcullis.
The killer bee misses you.
The killer bee stings you but does no damage.
The killer bee stings you.
There is a stone staircase leading up here.
The killer bee barely misses you. The killer bee stings you!
The killer bee closely misses you. The killer bee stings you!
The killer bee stings you.
You climb upwards.
Level annotation: 2 transporters, Rilik's ghost, novice TeAE You can no longer pass through a line of other dancers.
There is a stone staircase leading down here.
You are too injured to fight recklessly!
You are too injured to fight recklessly!
You are too injured to fight recklessly!
You barely miss the killer bee. Your claw misses the killer bee.
The killer bee is heavily wounded.
The killer bee stings you!
* * * LOW HITPOINT WARNING * * *
The killer bee barely misses you. The killer bee stings you.
* * * LOW HITPOINT WARNING * * *
The killer bee stings you.
* * * LOW HITPOINT WARNING * * *
You scratch the killer bee.
The killer bee is severely wounded.
The killer bee stings you!
* * * LOW HITPOINT WARNING * * *
The killer bee stings you but does no damage.
A red film seems to cover your vision as you go berserk!
You feel yourself moving faster!
You feel mighty! The killer bee stings you!
* * * LOW HITPOINT WARNING * * *
The killer bee stings you.
* * * LOW HITPOINT WARNING * * *
The killer bee stings you but does no damage. x2
You closely miss the killer bee.
The killer bee is severely wounded.
The killer bee stings you.
You die...

###......####.......))####...#.#
####..## ##.......## ##.##.#
#.## ##.....## ####.# #.#
#####...## #.# #.# ##...##'##
#.# #.# ##.###.#.# ####.#
#.###.## ##..# #....# #.....#
#y.## #.#### #####.## ##@..##
#.# ##.###..y..#### #.#
##...#...###.## #.#
##...........###.#
##########.(....# ########


You could see 2 killer bees.

Vanquished Creatures
  Pikel (D:5)
  Joseph (D:7)
  A hornet (D:9)
  A wyvern (D:7)
  Menkaure (D:5)
  2 water moccasins
  Duvessa (D:7)
  4 orc warriors
  A lemure (D:4)
  A phantom (D:3)
  2 kobold brigands
  3 bullfrogs
  4 necrophages
  A gnoll sergeant (D:9)
  6 scorpions
  Dowan (D:7)
  15 killer bees
  A howler monkey (D:9)
  2 jellies
  An orc priest (D:9)
  3 hounds
  4 iguanas
  Ijyb (D:5)
  11 orc wizards
  7 adders
  2 white imps
  An ufetubus (D:7)
  2 worms
  7 dart slugs
  36 orcs
  2 bats
  2 endoplasms
  5 giant cockroaches
  13 goblins
  8 hobgoblins
  7 jackals
  14 kobolds
  5 quokkas
  14 ball pythons
  6 frilled lizards
  7 rats
  A spectral goblin (D:6)
208 creatures vanquished.

Vanquished Creatures (others)
  23 plants (D:7)
23 creatures vanquished.

Grand Total: 231 creatures vanquished

Notes
Turn   | Place    | Note
-------+----------+-------------------------------------------
     0 | D:1      | FexLirch the Troll Monk began the quest for the Orb.
     0 | D:1      | Reached XP level 1. HP: 22/22 MP: 0/0
   114 | D:1      | Reached XP level 2. HP: 28/29 MP: 1/1
   539 | D:1      | Reached skill level 4 in Unarmed Combat
   647 | D:1      | Reached XP level 3. HP: 36/36 MP: 2/2
   731 | D:1      | Found Xabrou's Assorted Antiques.
  1337 | D:2      | Reached XP level 4. HP: 44/44 MP: 3/3
  1418 | D:2      | Reached skill level 5 in Unarmed Combat
  1749 | D:2      | Found a faded altar of an unknown god.
  1854 | D:3      | Noticed a scorpion
  2051 | D:4      | Reached XP level 5. HP: 42/50 MP: 4/4
  2131 | D:4      | Reached skill level 6 in Unarmed Combat
  2355 | D:3      | Noticed a phantom
  2361 | D:3      | Killed a phantom
  2362 | D:3      | Reached XP level 6. HP: 55/59 MP: 5/5
  2569 | D:3      | Reached skill level 7 in Unarmed Combat
  2677 | D:3      | Found a basalt altar of Yredelemnul.
  2961 | D:5      | Entered Level 5 of the Dungeon
  3003 | D:5      | Found a blossoming altar of Fedhas.
  3050 | D:5      | Found a runed translucent door.
  3050 | D:5      | Noticed Barsook's ghost (amateur DsFi)
  3167 | D:5      | Noticed Ijyb
  3175 | D:5      | Killed Ijyb
  3179 | D:5      | Noticed Pikel
  3266 | D:5      | Found a shimmering altar of Xom.
  3299 | D:5      | Found a staircase to the Ecumenical Temple.
  3305 | Temple   | Entered the Ecumenical Temple
  3370 | Temple   | Became a worshipper of Uskayaw the Reveller
  3370 | Temple   | Reached * piety under Uskayaw
  3398 | D:5      | Reached ** piety under Uskayaw
  3399 | D:5      | Reached skill level 8 in Unarmed Combat
  3399 | D:5      | Reached XP level 7. HP: 66/66 MP: 6/6
  3510 | D:5      | Killed Pikel
  3511 | D:5      | Reached skill level 9 in Unarmed Combat
  3513 | D:5      | Reached *** piety under Uskayaw
  3515 | D:5      | Reached XP level 8. HP: 23/74 MP: 4/9
  3515 | D:5      | Noticed Menkaure
  3516 | D:5      | Reached **** piety under Uskayaw
  3519 | D:5      | Reached ***** piety under Uskayaw
  3520 | D:5      | Killed Menkaure
  3721 | D:5      | Reached skill level 10 in Unarmed Combat
  3758 | D:5      | Found a sacrificial altar of Ru.
  4243 | D:6      | Found a broken altar of Ashenzari.
  4884 | D:6      | Found a hazy altar of Hepliaklqana.
  4958 | D:7      | Found a radiant altar of Vehumet.
  4991 | D:7      | Found a shimmering blue altar of Sif Muna.
  5008 | D:7      | Reached skill level 11 in Unarmed Combat
  5008 | D:7      | Reached XP level 9. HP: 69/80 MP: 11/11
  5138 | D:7      | Reached skill level 5 in Invocations
  5284 | D:7      | Found a burning altar of Makhleb.
  5528 | D:7      | Noticed Duvessa
  5529 | D:7      | Noticed Dowan
  5534 | D:7      | Killed Duvessa
  5543 | D:7      | Killed Dowan
  5682 | D:7      | Noticed Joseph
  5702 | D:7      | HP: 2/80 [Joseph/+0 quarterstaff (21)]
  5703 | D:7      | Killed Joseph
  5704 | D:7      | Reached skill level 12 in Unarmed Combat
  6141 | D:8      | Found a transporter.
  6149 | D:8      | Noticed Rilik's ghost (novice TeAE)
  6152 | D:8      | Found a transporter.
  6152 | D:8      | Identified the +2 great mace of Mutilation {flame, MP+9
                  | Int-5 Dex+4}
  6183 | D:8      | Found a glowing golden altar of the Shining One.
  6212 | D:8      | Found a glowing silver altar of Zin.
  7053 | D:9      | Reached XP level 10. HP: 56/88 MP: 9/13
  7063 | D:9      | Reached skill level 13 in Unarmed Combat
  7291 | D:8      | HP: 2/132 [killer bee (5)]
  7292 | D:8      | Slain by a killer bee

Illustrated notes

Levels and vault maps discovered:
D:1:      scummos_arrival_simple_fountains, layout_basic, serial_shops, shop
D:2:      layout_basic, ebering_ecumenical_altar_hall, minmay_pentomino_t4
D:3:      layout_loops_cross, lemuel_tele_altar, st_stairs_14
D:4:      layout_rooms, chequers_serial_rivers_micro_e,
          kennysheep_generic_room_15
D:5:      layout_basic, nicolae_ru_the_path_less_chosen, xom_teletrap_fun,
          fedhas_ov_isle_minmay, minmay_temple_entry_ruins,
          gammafunk_ghost_grave, minmay_manual_macuahuitl, uniq_ijyb,
          uniq_menkaure, uniq_pikel
D:6:      nicolae_cairo_tiling, layout_loops_ring,
          nicolae_hepliaklqana_monster_ancestors, cheibrodos_ashenzari_chains
D:7:      kennysheep_housing_project, layout_basic, nicolae_vehumet_radiance,
          mainiacjoe_overflow_catch_the_wave, uniq_joseph, uniq_duvessa
D:8:      layout_loops_corners, amcnicky_altar_gilded, tso_metal_star,
          gammafunk_ghost_smash
D:9:      layout_loops_ring, dpeg_oklobed_lair, david_orc_3, serial_shops, shop,
          enter_bailey_6, hex_tiny, minmay_misc_feat_cross,
          kennysheep_cluttered_room, minmay_circle_x
Temple:   nicolae_temple_godpark

Skill      XL: |  1  2  3  4  5  6  7  8  9 10 |
---------------+-------------------------------+-----
Unarmed Combat | 4 5 6 8 9 11 12 13 | 13.1
Invocations    | 2 4 6 |  6.7
Fighting       | |  2.4
Dodging        | |  2.5
Stealth        | |  1.0

Action                   |  1- 3 |  4- 6 |  7- 9 | 10-12 || total
-------------------------+-------+-------+-------+-------++-------
Melee: Unarmed           |   116 |   143 |   248 |    33 ||   540
       Punch             |     1 |     4 |    11 |     1 ||    17
Invok: Stomp             |       |       |     4 |     2 ||     6
       Line Pass         |       |       |     2 |     1 ||     3
Evoke: Wand              |       |     2 |       |       ||     2
  Use: Potion            |       |       |     3 |     1 ||     4
       Scroll            |       |       |     8 |       ||     8
 Stab: Sleeping          |     7 |     5 |     2 |       ||    14
       Paralysed         |       |       |    10 |     2 ||    12
       Distracted        |       |       |     1 |       ||     1
Armor: Robe              |    30 |    37 |    47 |    11 ||   125
Dodge: Dodged            |    38 |    77 |   110 |    31 ||   256
